 Dungeon Crawl Stone Soup version 0.31.0-32-g396128a36d (webtiles) character file.

Game seed: 9522073025967057810

7844 hawla the Carver (level 11, -2/94 HPs)
             Began as a Minotaur Gladiator on Apr 10, 2024.
             Was a High Priest of Jiyva.
             Slain by a yak (11 damage)
             ... on level 11 of the Dungeon.
             The game lasted 00:16:04 (7480 turns).

hawla the Carver (Minotaur Gladiator)               Turns: 7480, Time: 00:16:04

Health: -2/94      AC:  5    Str: 20    XL:     11   Next: 2%
Magic:  10/10      EV: 17    Int:  5    God:    Jiyva [*****.]
Gold:   323        SH:  0    Dex: 21    Spells: 10/10 levels left

rFire   . . .        x - +3 rapier (distort)
rCold   . . .        (no shield)
rNeg    . . .        r - +1 robe of the Distant Future {-Tele +Inv Dex+6 Slay+3}
rPois   +            (helmet restricted)
rElec   .            (no cloak)
rCorr   +            p - +2 pair of gloves {Stlth+}
SInv    .            (no boots)
Will    .....        (no amulet)
Stlth   ++++         (no ring)
HPRegen 1.79/turn    (no ring)
MPRegen 0.84/turn

%: no teleportation
@: brilliant, slowed, very slow
A: horns 2, retaliatory headbutt, hooves 1, poison resistance, pseudopods 3
a: Renounce Religion, Evoke Invisibility, Oozemancy, Slimify


You were on level 11 of the Dungeon.
You worshipped Jiyva.
Jiyva was extremely pleased with you.
You visited 1 branch of the dungeon, and saw 11 of its levels.
You also visited: Sewer.

You collected 498 gold pieces.
You spent 175 gold pieces at shops.

Inventory:

Hand Weapons
 i - a +2 scimitar of flaming
 x - a +3 rapier of distortion (weapon)
Missiles
 d - 3 throwing nets
 e - a javelin
 g - 2 boomerangs
 w - 20 poisoned darts (quivered)
 y - 2 curare-tipped darts
Armour
 c - a +2 hat
 p - a +2 pair of gloves of stealth (worn)
 q - +2 steam dragon scales
 r - the +1 robe of the Distant Future (worn) {-Tele +Inv Dex+6 Slay+3}
   (You found it on level 3 of the Dungeon)

   Dex+6:     It affects your dexterity (+6).
   Slay+3:    It affects your accuracy & damage with ranged weapons and melee
   (+3).
   +Inv:      It lets you turn invisible.
   -Tele:     It prevents most forms of teleportation.
Jewellery
 A - an amulet of reflection
Wands
 o - a wand of mindburst (10)
 v - a wand of paralysis (10)
 z - a wand of flame (12)
Scrolls
 n - 6 scrolls of teleportation
 s - 4 scrolls of vulnerability
 t - a scroll of torment {unknown}
 u - a scroll of blinking
Potions
 a - a potion of enlightenment
 h - a potion of haste {unknown}
 j - a potion of lignification {unknown}
 k - 2 potions of attraction {unknown}
 l - 2 potions of curing {unknown}
 m - a potion of degeneration {unknown}
 B - a potion of heal wounds {unknown}


   Skills:
 + Level 7.9 Fighting
 - Level 8.2(10.3) Short Blades
 + Level 10.7(12.0) Long Blades
 - Level 6.0 Throwing
 + Level 7.6 Dodging
 + Level 3.4 Stealth
 + Level 5.3 Evocations


You had 10 spell levels left.
You didn't know any spells.
Your spell library was empty.

Dungeon Overview and Level Annotations

Branches:
Dungeon (11/15)            Temple (0/1) D:4            Lair (0/5) D:11
    Orc (0/2) D:10          Sewer (visited)

Altars:
Xom

Shops:
D:5 ?

Portals:
Trove: D:10 (give horn of Geryon)


Innate Abilities, Weirdness & Mutations

You have a pair of horns on your head.
You reflexively headbutt those who attack you in melee.
You have large cloven feet.
Your system is resistant to poisons. (rPois)
Armour fits poorly on your massive pseudopods.


Message History

The two-headed ogre hits you with a +0 giant club!!
The two-headed ogre closely misses you. The yak gores you.
The wraith completely misses you.
You puncture the two-headed ogre!
Your headbutt misses the two-headed ogre.
You bludgeon the two-headed ogre.
The two-headed ogre is severely wounded.
The two-headed ogre blinks!
The yak misses you. The wraith misses you. You furiously retaliate!
You headbutt the wraith.
Unknown command.
Okay, then.
The troll attacks as it pursues you! The troll closely misses you.
The troll barely misses you. The troll closely misses you.
The wraith attacks as it pursues you! The wraith closely misses you.
You furiously retaliate!
You headbutt the wraith. The wraith misses you.
The yak attacks as it pursues you! The yak gores you!
The orc wizard gestures wildly while chanting.
The orc wizard flickers and vanishes!
Deactivating autopickup; reactivate with Ctrl-A.
The troll bites you but does no damage. The troll claws you.
The troll completely misses you. The yak closely misses you.
You furiously retaliate!
You headbutt the yak.
It was a potion of brilliance.
You feel clever all of a sudden. The wraith misses you.
The troll completely misses you. You furiously retaliate!
You headbutt the troll. The troll claws you! The troll barely misses you.
The yak gores you!
* * * LOW HITPOINT WARNING * * *
The wraith misses you.
A wraith comes into view.
It was a potion of mutation.
You feel extremely strange.
You regain control of your magic.
You feel clumsy.
You feel resistant to poisons.
Your feet thicken and deform.
The troll misses you. x2; The troll barely misses you.
The yak gores you!
* * * LOW HITPOINT WARNING * * *
The wraith hits you but does no damage. The troll closely misses you. x2
The troll claws you!
* * * LOW HITPOINT WARNING * * *
The yak gores you!
You die...

... ....# .. .... . .#
#... ... +. W'# . ....
#.###.# ..
............###..#..###..#
...........#...#Yo.#...#.#
...............WY........#
...............@TO......#
........##...#.....####...
........##...#......# $
........#....#...##..#
.......<...##..##.##....
...........##..# ..##..#
...........#...# ### .##
........##...### .
##.....###.#...#####. .


You could see a two-headed ogre, 2 yaks, a troll, 2 wraiths and an orc warrior.

Vanquished Creatures
  A two-headed ogre (D:9)
  Pikel (D:8)
  Maggie (D:7)
  A kobold demonologist (D:9)
  3 trolls
  A wraith (D:11)
  3 wyverns
  2 basilisks (D:11)
  3 yaks (D:11)
  Edmund (D:4)
  3 acid dragons
  A water moccasin (D:11)
  2 orc warriors
  A black bear (D:8)
  2 sky beasts (D:6)
  An ice beast (D:5)
  2 centaurs
  A lemure (D:8)
  2 phantoms
  4 kobold brigands
  A gnoll sergeant (D:5)
  A bullfrog (D:6)
  15 wights
  10 killer bees
  4 howler monkeys
  2 bombardier beetles
  2 jellies (Sewer)
  3 orc priests
  2 hounds
  2 sleepcaps
  5 iguanas
  2 orc wizards
  Natasha (D:4)
  4 gnolls
  A river rat (D:3)
  13 adders
  2 white imps
  An ufetubus (D:5)
  2 dart slugs (D:1)
  4 ribbon worms
  28 orcs
  8 endoplasms
  13 giant cockroaches
  7 goblins
  7 hobgoblins
  3 quokkas
  14 ball pythons
  3 bats
  5 frilled lizards
  26 kobolds
  10 rats
237 creatures vanquished.

Vanquished Creatures (others)
  The ghost of bnorton916 the Magician, a novice DEFE of Vehumet (D:5)
  A centaur (D:6)
  A phantom (D:5)
  A scorpion (D:5)
  A killer bee (D:9)
  9 jellies
  An iguana (D:5)
  Natasha (twice) (D:4)
  4 gnolls (D:5)
  2 adders
  An ufetubus (D:5)
  A dart slug (D:4)
  5 orcs
  An endoplasm (D:4)
  A hobgoblin (D:4)
  2 jackals (D:5)
  5 kobolds (D:5)
  A rat (D:3)
40 creatures vanquished.

Grand Total: 277 creatures vanquished

Notes
Turn   | Place    | Note
-------+----------+-------------------------------------------
     0 | D:1      | hawla the Minotaur Gladiator began the quest for the Orb.
     0 | D:1      | Reached XP level 1. HP: 18/18 MP: 0/0
   239 | D:1      | Reached XP level 2. HP: 25/25 MP: 1/1
   401 | D:1      | Reached skill level 4 in Long Blades
   475 | D:1      | Reached XP level 3. HP: 30/31 MP: 2/2
  1576 | D:2      | Reached XP level 4. HP: 38/38 MP: 3/3
  1744 | D:3      | Reached skill level 5 in Long Blades
  1789 | D:3      | Identified the +1 robe of the Distant Future {-Tele +Inv
                  | Dex+6 Slay+3}
  1992 | D:3      | Found a shimmering altar of Xom.
  2049 | D:3      | Reached skill level 6 in Long Blades
  2102 | D:3      | Reached XP level 5. HP: 44/45 MP: 4/4
  2180 | D:3      | Found a glowing drain.
  2213 | Sewer    | Entered a sewer
  2385 | Sewer    | Reached skill level 7 in Long Blades
  2466 | Sewer    | Reached XP level 6. HP: 49/51 MP: 5/5
  2490 | Sewer    | Found a viscous altar of Jiyva.
  2505 | Sewer    | Became a worshipper of Jiyva Jyjeniek the Shapeless
  3016 | D:4      | Reached skill level 8 in Long Blades
  3019 | D:4      | Killed Natasha
  3023 | D:4      | Noticed Natasha
  3026 | D:4      | Killed Natasha
  3142 | D:4      | Noticed Edmund
  3159 | D:4      | Killed Edmund
  3160 | D:4      | Reached skill level 9 in Long Blades
  3160 | D:4      | Reached XP level 7. HP: 13/57 MP: 6/6
  3283 | D:4      | Killed Natasha
  3364 | D:4      | Reached * piety under Jiyva
  3367 | D:4      | Found a staircase to the Ecumenical Temple.
  3538 | D:5      | Entered Level 5 of the Dungeon
  3576 | D:5      | Found Enlav's Magic Scroll Emporium.
  3586 | D:5      | Bought a scroll of vulnerability for 52 gold pieces
  3586 | D:5      | Bought a scroll of identify for 26 gold pieces
  3586 | D:5      | Bought a scroll of blinking for 97 gold pieces
  3619 | D:5      | Found a runed translucent gate.
  3619 | D:5      | Found a runed translucent gate.
  3619 | D:5      | Found a runed translucent gate.
  3619 | D:5      | Noticed bnorton916's ghost (novice DEFE)
  3831 | D:5      | Reached skill level 1 in Evocations
  4231 | D:5      | Reached ** piety under Jiyva
  4447 | D:5      | Killed bnorton916's ghost
  4492 | D:6      | Reached XP level 8. HP: 66/66 MP: 7/7
  4621 | D:6      | Reached skill level 5 in Short Blades
  4768 | D:6      | Reached *** piety under Jiyva
  4981 | D:7      | Gained mutation: You have a small jelly attached to you
                  | that may absorb projectiles. [Jiyva's grace]
  4981 | D:7      | Gained mutation: You have a pair of large horns on your
                  | head. [Jiyva's grace]
  4981 | D:7      | Gained mutation: You passively dampen the noise of your
                  | surroundings. [Jiyva's grace]
  4981 | D:7      | Gained mutation: You have hidden genetic potential.
                  | [Jiyva's grace]
  5192 | D:7      | Noticed Maggie
  5205 | D:7      | Killed Maggie
  5206 | D:7      | Reached XP level 9. HP: 55/71 MP: 8/8
  5274 | D:7      | Reached **** piety under Jiyva
  5287 | D:7      | Reached skill level 5 in Dodging
  5634 | D:8      | Noticed Pikel
  5647 | D:8      | Killed Pikel
  5648 | D:8      | Reached skill level 5 in Fighting
  5648 | D:8      | Gained mutation: You have great hidden genetic potential.
                  | [hidden potential]
  5885 | D:8      | Reached ***** piety under Jiyva
  5950 | D:8      | Identified the +5 whip of Xom's Generosity {spect, rElec
                  | rPois rN+ Str-2}
  6125 | D:9      | Noticed a troll
  6129 | D:9      | Killed a troll
  6130 | D:9      | Reached skill level 5 in Throwing
  6146 | D:9      | Noticed a two-headed ogre
  6155 | D:9      | Killed a two-headed ogre
  6156 | D:9      | Reached skill level 1 in Stealth
  6156 | D:9      | Reached XP level 10. HP: 55/84 MP: 9/9
  6326 | D:9      | Lost mutation: You have a pair of large horns on your head.
                  | [Jiyva's grace]
  6326 | D:9      | Lost mutation: You have great hidden genetic potential.
                  | [Jiyva's grace]
  6326 | D:9      | Lost mutation: You have a small jelly attached to you that
                  | may absorb projectiles. [Jiyva's grace]
  6326 | D:9      | Lost mutation: You passively dampen the noise of your
                  | surroundings. [Jiyva's grace]
  6326 | D:9      | Gained mutation: Armour fits poorly on your pseudopods.
                  | [Jiyva's grace]
  6326 | D:9      | Gained mutation: Armour fits poorly on your large
                  | pseudopods. [Jiyva's grace]
  6326 | D:9      | Gained mutation: Armour fits poorly on your massive
                  | pseudopods. [Jiyva's grace]
  6326 | D:9      | Gained mutation: Your spells are a little harder to cast,
                  | but a little more powerful. [Jiyva's grace]
  6366 | D:9      | Gained mutation: You are agile. (Dex +4, Str/Int -1)
                  | [hidden potential]
  6366 | D:9      | Lost mutation: You have hidden genetic potential. [hidden
                  | potential expressed]
  6587 | D:9      | Reached skill level 10 in Long Blades
  6641 | D:10     | Entered Level 10 of the Dungeon
  6835 | D:10     | Found a staircase to the Orcish Mines.
  7155 | D:10     | Found a portal to a secret trove of treasure.
  7400 | D:11     | Reached skill level 5 in Evocations
  7400 | D:11     | Found a staircase to the Lair.
  7425 | D:11     | Reached XP level 11. HP: 42/94 MP: 10/10
  7464 | D:11     | Noticed a two-headed ogre
  7480 | D:11     | Lost mutation: Your spells are a little harder to cast, but
                  | a little more powerful. [potion of mutation]
  7480 | D:11     | Lost mutation: You are agile. (Dex +4, Str/Int -1) [potion
                  | of mutation]
  7480 | D:11     | Gained mutation: Your system is resistant to poisons.
                  | (rPois) [potion of mutation]
  7480 | D:11     | Gained mutation: You have large cloven feet. [potion of
                  | mutation]
  7480 | D:11     | Slain by a yak

Illustrated notes

Levels and vault maps discovered:
D:1:      saegor_arrival_under_anarchy, layout_basic
D:2:      layout_loops_corners, serial_glass, glass_columns_b, glass_columns_a,
          glass_columns_a, glass_columns_c, glass_columns_c
D:3:      layout_loops_cross, mainiacjoe_overflow_tiny_flanked,
          gup_sewer_entry_bubbles, corexii_item_surrounded_by_moat,
          serial_bayou_lagoon_a
D:4:      layout_basic, minmay_temple_entry_statues_pillars, uniq_natasha,
          uniq_edmund
D:5:      layout_loops_corners, serial_shops, shop,
          gammafunk_ghost_nasty_kobolds
D:6:      layout_rooms
D:7:      layout_basic, uniq_maggie
D:8:      layout_cave_pools, uniq_pikel
D:9:      layout_roguey
D:10:     layout_loops_ring, david_orc_2, trove_entry_hex_spiral
D:11:     layout_layer_cave, minmay_lair_entry_grove,
          minmay_fractal_squares_diagonal_5

Skill      XL: |  1  2  3  4  5  6  7  8  9 10 |
---------------+-------------------------------+-----
Fighting       | 3 4 6 7 |  7.9
Long Blades    | 4 6 7 9 10 | 10.7
Dodging        | 4 6 7 |  7.6
Evocations     | 1 4 5 |  5.3
Throwing       | 3 5 6 |  6.0
Short Blades   | 2 8 |  8.2
Stealth        | 1 3 |  3.4

Action                     |  1- 3 |  4- 6 |  7- 9 | 10-12 || total
---------------------------+-------+-------+-------+-------++-------
  Melee: Long sword        |    79 |   136 |    30 |       ||   245
         Headbutt          |    18 |    16 |    29 |    28 ||    91
         Punch             |     1 |       |     1 |     2 ||     4
         Rapier            |       |       |   103 |   117 ||   220
         Pseudopods        |       |       |       |    21 ||    21
    Use: Scroll            |       |    10 |     5 |     1 ||    16
         Potion            |       |       |       |     2 ||     2
   Stab: Sleeping          |       |     6 |     8 |     1 ||    15
 Armour: Leather armour    |    23 |       |       |       ||    23
         Ring mail         |    29 |     4 |       |       ||    33
         Robe              |       |    65 |    55 |    78 ||   198
  Dodge: Dodged            |    64 |    79 |    52 |   124 ||   319
